 Dungeon Crawl Stone Soup version 0.19.5 (webtiles) character file.

58 equalderp2856 the Scratcher (level 3, -3/17 HPs)
             Began as a Felid Fighter on Mar 25, 2017.
             Slain by an ogre
             ... wielding a +0 giant club
              (20 damage)
             ... on level 4 of the Dungeon.
             The game lasted 00:05:50 (2821 turns).

equalderp2856 the Scratcher (Felid Fighter)         Turns: 2821, Time: 00:05:51

Health: -3/17      AC:  1    Str: 13    XL:     3   Next: 75%
Magic:  4/4        EV: 20    Int:  9    God:
Gold:   150        SH:  0    Dex: 15    Spells: 0 memorised, 2 levels left
                                        Lives:  0   Deaths: 1

rFire  . . .     SeeInvis +       - Unarmed
rCold  + . .     Gourm    .     (armour unavailable)
rNeg   . . .     Faith    .     (shield unavailable)
rPois  .         Spirit   .     (helmet unavailable)
rElec  .         Reflect  .     (cloak unavailable)
rCorr  .         Harm     .     (gloves unavailable)
MR     .....                    (boots unavailable)
Stlth  ++........               (no amulet)
                                (no ring)
                                l - ring of protection from cold

@: quick
A: no armour, no weapons or thrown items, stealth, claws 1, fangs 3, see
invisible, carnivore 3, speed 1, shaggy fur 1, slow metabolism 1, sharp paws
a: no special abilities


You were on level 4 of the Dungeon.
You were completely stuffed.

You visited 1 branch of the dungeon, and saw 4 of its levels.

You collected 150 gold pieces.

Inventory:

Missiles
 k - 57 arrows
Jewellery
 l - a ring of protection from cold (left paw)
Scrolls
 c - a scroll of remove curse
 e - 4 scrolls of immolation {unknown}
 f - 2 scrolls of teleportation {unknown}
 g - 2 scrolls of enchant armour {unknown}
 h - 5 scrolls of identify {unknown}
 i - a scroll of amnesia {unknown}
 j - a scroll of magic mapping {unknown}
 m - a scroll of fog {unknown}
Potions
 a - a potion of might
Comestibles
 b - a meat ration


   Skills:
 + Level 3.4 Fighting
 + Level 4.7 Dodging
 + Level 1.3 Stealth
 + Level 5.2 Unarmed Combat


You had 2 spell levels left.
You didn't know any spells.

Dungeon Overview and Level Annotations

Branches:
Dungeon (4/15)
 Temple: D:4-7

Altars:
Elyvilon
Gozag


Innate Abilities, Weirdness & Mutations

You cannot wear armour.
You are incapable of wielding weapons or throwing items.
Your paws allow you to move quietly. (Stealth)
You have sharp claws.
You have razor-sharp teeth.
You have supernaturally acute eyesight. (SInv)
You are carnivorous and can eat meat at any time.
You cover ground quickly.
You are covered in fur. (AC +1)
You have a slow metabolism.
Your sharp claws are effective at attacking unaware monsters.


Message History

Items here: ))) [[ † You butcher the orc corpse.
d - 2 chunks of flesh
Items here: ))) [[ a flail; a club; a leather armour; a war axe; a ring mail Eat one of 2 chunks of flesh? (ye/n/q)
You start eating one of the 2 chunks of flesh.
This raw flesh tastes great.
Eat a chunk of flesh? (ye/n/q)
You start eating the chunk of flesh.
This raw flesh tastes great.
Found a white marble altar of Elyvilon.
Found a leather armour.
Found 12 gold pieces and 17 arrows.
An ogre comes into view. It is wielding a giant club.
The ogre shouts!
You see here 12 gold pieces.
The ogre hits you with a giant club!!
Ouch! That really hurt!
You die...

## ######. #......
#.####. ## #+#
#####.##..# #####.#..
#.....##.# .......
#.###.##. #..O# #)#
#... #..@# #.###.#..#
#...# #........#
#####...######.......##
...[.........#.#.##..#
.................# ...
........._...#.#.#
#####...######.#.#
#...# ... . #...#
####.#


You could see an ogre.

Vanquished Creatures
  2 adders
  2 oozes (D:1)
  3 dart slugs
  3 leopard geckos
  5 orcs
  2 giant cockroaches
  5 goblins
  6 hobgoblins
  3 jackals (D:4)
  2 quokkas
  A ball python (D:3)
  6 bats
  6 frilled lizards
  5 kobolds
  9 rats
60 creatures vanquished.

Notes
Turn   | Place    | Note
-------+----------+-------------------------------------------
     0 | D:1      | equalderp2856 the Felid Fighter began the quest for the Orb.
     0 | D:1      | Reached XP level 1. HP: 10/10 MP: 2/2
    99 | D:1      | Reached XP level 2. HP: 4/14 MP: 3/3
  1199 | D:1      | Reached XP level 3. HP: 17/17 MP: 4/4
  1467 | D:2      | Found a faded altar of an unknown god.
  1752 | D:2      | Reached skill level 5 in Unarmed Combat
  2017 | D:3      | Found an opulent altar of Gozag.
  2116 | D:3      | Reached XP level 4. HP: 6/21 MP: 5/5
  2128 | D:3      | HP: 1/21 [poisoned by an adder]
  2133 | D:3      | HP: 1/21 [poisoned by an adder]
  2138 | D:3      | Succumbed to an adder's poison
  2139 | D:3      | Reached XP level 3. HP: 0/17 MP: 4/4
  2365 | D:3      | Reached skill level 1 in Stealth
  2809 | D:4      | Found a white marble altar of Elyvilon.
  2816 | D:4      | Noticed an ogre
  2821 | D:4      | Slain by an ogre

Skill      XL: |  1  2  3 |
---------------+----------+-----
Unarmed Combat | 5 |  5.2
Stealth        | 1 |  1.3
Fighting       | |  3.4
Dodging        | |  4.7

Action                   |  1- 3 |  4- 6 || total
-------------------------+-------+-------++-------
Melee: Unarmed           |   126 |     2 ||   128
       Bite              |    14 |       ||    14
       Punch             |     2 |       ||     2
  Use: Potion            |     1 |       ||     1
       Scroll            |       |     1 ||     1
 Stab: Sleeping          |     8 |       ||     8
  Eat: Chunk             |    14 |       ||    14
Armor: Skin              |     8 |       ||     8
Dodge: Dodged            |    82 |     2 ||    84
